%YAML 1.1
%TAG !u! tag:unity3d.com,2011:
--- !u!1 &179324637
GameObject:
  m_ObjectHideFlags: 0
  m_CorrespondingSourceObject: {fileID: 0}
  m_PrefabInstance: {fileID: 0}
  m_PrefabAsset: {fileID: 0}
  serializedVersion: 6
  m_Component:
  - component: {fileID: 179324638}
  - component: {fileID: 179324639}
  - component: {fileID: 179324640}
  - component: {fileID: 179324641}
  m_Layer: 10
  m_Name: M4A1
  m_TagString: arma
  m_Icon: {fileID: 0}
  m_NavMeshLayer: 0
  m_StaticEditorFlags: 0
  m_IsActive: 1
--- !u!4 &179324638
Transform:
  m_ObjectHideFlags: 0
  m_CorrespondingSourceObject: {fileID: 0}
  m_PrefabInstance: {fileID: 0}
  m_PrefabAsset: {fileID: 0}
  m_GameObject: {fileID: 179324637}
  m_LocalRotation: {x: 0.71353143, y: -0.69512486, z: -0.05358103, w: -0.06930653}
  m_LocalPosition: {x: -0.0659, y: 0.075, z: 0.0153}
  m_LocalScale: {x: 0.7181538, y: 0.718153, z: 0.71815306}
  m_Children:
  - {fileID: 607251483}
  - {fileID: 1484053729044931326}
  - {fileID: 1484053727182891735}
  - {fileID: 1012546758}
  - {fileID: 486418574}
  - {fileID: 1520590067}
  - {fileID: 466985251}
  - {fileID: 1905931205}
  - {fileID: 1185944911}
  - {fileID: 1341245683}
  - {fileID: 946493933}
  - {fileID: 625105920}
  - {fileID: 1588259935}
  m_Father: {fileID: 1483477572188381720}
  m_RootOrder: 5
  m_LocalEulerAnglesHint: {x: -9.985001, y: 178.843, z: 268.604}
--- !u!82 &179324639
AudioSource:
  m_ObjectHideFlags: 0
  m_CorrespondingSourceObject: {fileID: 0}
  m_PrefabInstance: {fileID: 0}
  m_PrefabAsset: {fileID: 0}
  m_GameObject: {fileID: 179324637}
  m_Enabled: 1
  serializedVersion: 4
  OutputAudioMixerGroup: {fileID: 24300002, guid: fba27ae07372a274b894b3bbffc5c6cc,
    type: 2}
  m_audioClip: {fileID: 8300000, guid: 531517c946ba7234da9ca5ed1f2744f8, type: 3}
  m_PlayOnAwake: 0
  m_Volume: 0.3
  m_Pitch: 1
  Loop: 0
  Mute: 0
  Spatialize: 0
  SpatializePostEffects: 0
  Priority: 128
  DopplerLevel: 1
  MinDistance: 1
  MaxDistance: 500
  Pan2D: 0
  rolloffMode: 0
  BypassEffects: 0
  BypassListenerEffects: 0
  BypassReverbZones: 0
  rolloffCustomCurve:
    serializedVersion: 2
    m_Curve:
    - serializedVersion: 3
      time: 0
      value: 1
      inSlope: 0
      outSlope: 0
      tangentMode: 0
      weightedMode: 0
      inWeight: 0.33333334
      outWeight: 0.33333334
    - serializedVersion: 3
      time: 1
      value: 0
      inSlope: 0
      outSlope: 0
      tangentMode: 0
      weightedMode: 0
      inWeight: 0.33333334
      outWeight: 0.33333334
    m_PreInfinity: 2
    m_PostInfinity: 2
    m_RotationOrder: 4
  panLevelCustomCurve:
    serializedVersion: 2
    m_Curve:
    - serializedVersion: 3
      time: 0
      value: 0
      inSlope: 0
      outSlope: 0
      tangentMode: 0
      weightedMode: 0
      inWeight: 0.33333334
      outWeight: 0.33333334
    m_PreInfinity: 2
    m_PostInfinity: 2
    m_RotationOrder: 0
  spreadCustomCurve:
    serializedVersion: 2
    m_Curve:
    - serializedVersion: 3
      time: 0
      value: 0
      inSlope: 0
      outSlope: 0
      tangentMode: 0
      weightedMode: 0
      inWeight: 0.33333334
      outWeight: 0.33333334
    m_PreInfinity: 2
    m_PostInfinity: 2
    m_RotationOrder: 4
  reverbZoneMixCustomCurve:
    serializedVersion: 2
    m_Curve:
    - serializedVersion: 3
      time: 0
      value: 1
      inSlope: 0
      outSlope: 0
      tangentMode: 0
      weightedMode: 0
      inWeight: 0.33333334
      outWeight: 0.33333334
    m_PreInfinity: 2
    m_PostInfinity: 2
    m_RotationOrder: 0
--- !u!114 &179324640
MonoBehaviour:
  m_ObjectHideFlags: 0
  m_CorrespondingSourceObject: {fileID: 0}
  m_PrefabInstance: {fileID: 0}
  m_PrefabAsset: {fileID: 0}
  m_GameObject: {fileID: 179324637}
  m_Enabled: 1
  m_EditorHideFlags: 0
  m_Script: {fileID: 11500000, guid: 892b5dd8c7122534a82b05db7aa1223a, type: 3}
  m_Name: 
  m_EditorClassIdentifier: 
  arma: {fileID: 0}
  damage: 12
  distance: 100
  forzaproiettile: 0
  camTransform: {fileID: 0}
  lineRender: {fileID: 0}
  particellearma: {fileID: 0}
  cartucce: {fileID: 1596861454987392043}
  managerplayer: {fileID: 0}
  hittableMask:
    serializedVersion: 2
    m_Bits: 0
  fucile: {fileID: 0}
  audiofucile: {fileID: 0}
--- !u!136 &179324641
CapsuleCollider:
  m_ObjectHideFlags: 0
  m_CorrespondingSourceObject: {fileID: 0}
  m_PrefabInstance: {fileID: 0}
  m_PrefabAsset: {fileID: 0}
  m_GameObject: {fileID: 179324637}
  m_Material: {fileID: 0}
  m_IsTrigger: 0
  m_Enabled: 1
  m_Radius: 0.05
  m_Height: 1.2878404
  m_Direction: 0
  m_Center: {x: -0.14391957, y: 0.060000025, z: 0.014629721}
--- !u!1 &466985250
GameObject:
  m_ObjectHideFlags: 0
  m_CorrespondingSourceObject: {fileID: 0}
  m_PrefabInstance: {fileID: 0}
  m_PrefabAsset: {fileID: 0}
  serializedVersion: 6
  m_Component:
  - component: {fileID: 466985251}
  - component: {fileID: 466985253}
  - component: {fileID: 466985252}
  m_Layer: 10
  m_Name: Cube.001
  m_TagString: Untagged
  m_Icon: {fileID: 0}
  m_NavMeshLayer: 0
  m_StaticEditorFlags: 0
  m_IsActive: 1
--- !u!4 &466985251
Transform:
  m_ObjectHideFlags: 0
  m_CorrespondingSourceObject: {fileID: 0}
  m_PrefabInstance: {fileID: 0}
  m_PrefabAsset: {fileID: 0}
  m_GameObject: {fileID: 466985250}
  m_LocalRotation: {x: -0.70663816, y: 0.02573917, z: -0.025739163, w: 0.7066382}
  m_LocalPosition: {x: -0.18316218, y: -0.05812735, z: -0.0015598384}
  m_LocalScale: {x: 4.734218, y: 1.5472354, z: 4.6618776}
  m_Children: []
  m_Father: {fileID: 179324638}
  m_RootOrder: 6
  m_LocalEulerAnglesHint: {x: 0, y: 0, z: 0}
--- !u!33 &466985253
MeshFilter:
  m_ObjectHideFlags: 0
  m_CorrespondingSourceObject: {fileID: 0}
  m_PrefabInstance: {fileID: 0}
  m_PrefabAsset: {fileID: 0}
  m_GameObject: {fileID: 466985250}
  m_Mesh: {fileID: 4300008, guid: 4add45e935a187a439d96bdfb5c81ee2, type: 3}
--- !u!23 &466985252
MeshRenderer:
  m_ObjectHideFlags: 0
  m_CorrespondingSourceObject: {fileID: 0}
  m_PrefabInstance: {fileID: 0}
  m_PrefabAsset: {fileID: 0}
  m_GameObject: {fileID: 466985250}
  m_Enabled: 1
  m_CastShadows: 1
  m_ReceiveShadows: 1
  m_DynamicOccludee: 1
  m_MotionVectors: 1
  m_LightProbeUsage: 1
  m_ReflectionProbeUsage: 1
  m_RenderingLayerMask: 1
  m_RendererPriority: 0
  m_Materials:
  - {fileID: 2100000, guid: 0056a50de5454014aa314bb392b516aa, type: 2}
  m_StaticBatchInfo:
    firstSubMesh: 0
    subMeshCount: 0
  m_StaticBatchRoot: {fileID: 0}
  m_ProbeAnchor: {fileID: 0}
  m_LightProbeVolumeOverride: {fileID: 0}
  m_ScaleInLightmap: 1
  m_PreserveUVs: 0
  m_IgnoreNormalsForChartDetection: 0
  m_ImportantGI: 0
  m_StitchLightmapSeams: 0
  m_SelectedEditorRenderState: 3
  m_MinimumChartSize: 4
  m_AutoUVMaxDistance: 0.5
  m_AutoUVMaxAngle: 89
  m_LightmapParameters: {fileID: 0}
  m_SortingLayerID: 0
  m_SortingLayer: 0
  m_SortingOrder: 0
--- !u!1 &486418573
GameObject:
  m_ObjectHideFlags: 0
  m_CorrespondingSourceObject: {fileID: 0}
  m_PrefabInstance: {fileID: 0}
  m_PrefabAsset: {fileID: 0}
  serializedVersion: 6
  m_Component:
  - component: {fileID: 486418574}
  - component: {fileID: 486418576}
  - component: {fileID: 486418575}
  m_Layer: 10
  m_Name: Body.002
  m_TagString: Untagged
  m_Icon: {fileID: 0}
  m_NavMeshLayer: 0
  m_StaticEditorFlags: 0
  m_IsActive: 1
--- !u!4 &486418574
Transform:
  m_ObjectHideFlags: 0
  m_CorrespondingSourceObject: {fileID: 0}
  m_PrefabInstance: {fileID: 0}
  m_PrefabAsset: {fileID: 0}
  m_GameObject: {fileID: 486418573}
  m_LocalRotation: {x: -0.7071068, y: 0, z: -0, w: 0.7071067}
  m_LocalPosition: {x: -0, y: -0.047556743, z: 0}
  m_LocalScale: {x: 5.100833, y: 2.5426993, z: 5.1008353}
  m_Children: []
  m_Father: {fileID: 179324638}
  m_RootOrder: 4
  m_LocalEulerAnglesHint: {x: 0, y: 0, z: 0}
--- !u!33 &486418576
MeshFilter:
  m_ObjectHideFlags: 0
  m_CorrespondingSourceObject: {fileID: 0}
  m_PrefabInstance: {fileID: 0}
  m_PrefabAsset: {fileID: 0}
  m_GameObject: {fileID: 486418573}
  m_Mesh: {fileID: 4300004, guid: 4add45e935a187a439d96bdfb5c81ee2, type: 3}
--- !u!23 &486418575
MeshRenderer:
  m_ObjectHideFlags: 0
  m_CorrespondingSourceObject: {fileID: 0}
  m_PrefabInstance: {fileID: 0}
  m_PrefabAsset: {fileID: 0}
  m_GameObject: {fileID: 486418573}
  m_Enabled: 1
  m_CastShadows: 1
  m_ReceiveShadows: 1
  m_DynamicOccludee: 1
  m_MotionVectors: 1
  m_LightProbeUsage: 1
  m_ReflectionProbeUsage: 1
  m_RenderingLayerMask: 1
  m_RendererPriority: 0
  m_Materials:
  - {fileID: 2100000, guid: c8af15d48e82206478ddc2749bd4560a, type: 2}
  m_StaticBatchInfo:
    firstSubMesh: 0
    subMeshCount: 0
  m_StaticBatchRoot: {fileID: 0}
  m_ProbeAnchor: {fileID: 0}
  m_LightProbeVolumeOverride: {fileID: 0}
  m_ScaleInLightmap: 1
  m_PreserveUVs: 0
  m_IgnoreNormalsForChartDetection: 0
  m_ImportantGI: 0
  m_StitchLightmapSeams: 0
  m_SelectedEditorRenderState: 3
  m_MinimumChartSize: 4
  m_AutoUVMaxDistance: 0.5
  m_AutoUVMaxAngle: 89
  m_LightmapParameters: {fileID: 0}
  m_SortingLayerID: 0
  m_SortingLayer: 0
  m_SortingOrder: 0
--- !u!1 &607251482
GameObject:
  m_ObjectHideFlags: 0
  m_CorrespondingSourceObject: {fileID: 0}
  m_PrefabInstance: {fileID: 0}
  m_PrefabAsset: {fileID: 0}
  serializedVersion: 6
  m_Component:
  - component: {fileID: 607251483}
  - component: {fileID: 607251484}
  m_Layer: 10
  m_Name: OrigineLaserFucile3
  m_TagString: Untagged
  m_Icon: {fileID: 0}
  m_NavMeshLayer: 0
  m_StaticEditorFlags: 0
  m_IsActive: 0
--- !u!4 &607251483
Transform:
  m_ObjectHideFlags: 0
  m_CorrespondingSourceObject: {fileID: 0}
  m_PrefabInstance: {fileID: 0}
  m_PrefabAsset: {fileID: 0}
  m_GameObject: {fileID: 607251482}
  m_LocalRotation: {x: -0.03812708, y: -0.70136786, z: 0.023733636, w: 0.7113834}
  m_LocalPosition: {x: 4.08, y: 0.18, z: 0.34}
  m_LocalScale: {x: 0.0043444806, y: 0.004344481, z: 0.0043444782}
  m_Children: []
  m_Father: {fileID: 179324638}
  m_RootOrder: 0
  m_LocalEulerAnglesHint: {x: -1.2010001, y: -89.240005, z: 5.0070004}
--- !u!120 &607251484
LineRenderer:
  m_ObjectHideFlags: 0
  m_CorrespondingSourceObject: {fileID: 0}
  m_PrefabInstance: {fileID: 0}
  m_PrefabAsset: {fileID: 0}
  m_GameObject: {fileID: 607251482}
  m_Enabled: 0
  m_CastShadows: 1
  m_ReceiveShadows: 1
  m_DynamicOccludee: 1
  m_MotionVectors: 0
  m_LightProbeUsage: 0
  m_ReflectionProbeUsage: 0
  m_RenderingLayerMask: 1
  m_RendererPriority: 0
  m_Materials:
  - {fileID: 2100000, guid: 1fb2ad58c49826740a5b6669d799a4e1, type: 2}
  m_StaticBatchInfo:
    firstSubMesh: 0
    subMeshCount: 0
  m_StaticBatchRoot: {fileID: 0}
  m_ProbeAnchor: {fileID: 0}
  m_LightProbeVolumeOverride: {fileID: 0}
  m_ScaleInLightmap: 1
  m_PreserveUVs: 0
  m_IgnoreNormalsForChartDetection: 0
  m_ImportantGI: 0
  m_StitchLightmapSeams: 0
  m_SelectedEditorRenderState: 3
  m_MinimumChartSize: 4
  m_AutoUVMaxDistance: 0.5
  m_AutoUVMaxAngle: 89
  m_LightmapParameters: {fileID: 0}
  m_SortingLayerID: 0
  m_SortingLayer: 0
  m_SortingOrder: 0
  m_Positions:
  - {x: 0, y: 0, z: 0}
  - {x: 0, y: 0, z: 2000}
  m_Parameters:
    serializedVersion: 3
    widthMultiplier: 0.03
    widthCurve:
      serializedVersion: 2
      m_Curve:
      - serializedVersion: 3
        time: 0
        value: 1
        inSlope: 0
        outSlope: 0
        tangentMode: 0
        weightedMode: 0
        inWeight: 0.33333334
        outWeight: 0.33333334
      m_PreInfinity: 2
      m_PostInfinity: 2
      m_RotationOrder: 4
    colorGradient:
      serializedVersion: 2
      key0: {r: 1, g: 1, b: 1, a: 1}
      key1: {r: 1, g: 1, b: 1, a: 1}
      key2: {r: 0, g: 0, b: 0, a: 0}
      key3: {r: 0, g: 0, b: 0, a: 0}
      key4: {r: 0, g: 0, b: 0, a: 0}
      key5: {r: 0, g: 0, b: 0, a: 0}
      key6: {r: 0, g: 0, b: 0, a: 0}
      key7: {r: 0, g: 0, b: 0, a: 0}
      ctime0: 0
      ctime1: 65535
      ctime2: 0
      ctime3: 0
      ctime4: 0
      ctime5: 0
      ctime6: 0
      ctime7: 0
      atime0: 0
      atime1: 65535
      atime2: 0
      atime3: 0
      atime4: 0
      atime5: 0
      atime6: 0
      atime7: 0
      m_Mode: 0
      m_NumColorKeys: 2
      m_NumAlphaKeys: 2
    numCornerVertices: 0
    numCapVertices: 0
    alignment: 0
    textureMode: 0
    shadowBias: 0
    generateLightingData: 0
  m_UseWorldSpace: 0
  m_Loop: 0
--- !u!1 &625105919
GameObject:
  m_ObjectHideFlags: 0
  m_CorrespondingSourceObject: {fileID: 0}
  m_PrefabInstance: {fileID: 0}
  m_PrefabAsset: {fileID: 0}
  serializedVersion: 6
  m_Component:
  - component: {fileID: 625105920}
  - component: {fileID: 625105922}
  - component: {fileID: 625105921}
  m_Layer: 10
  m_Name: FlashRIder
  m_TagString: Untagged
  m_Icon: {fileID: 0}
  m_NavMeshLayer: 0
  m_StaticEditorFlags: 0
  m_IsActive: 1
--- !u!4 &625105920
Transform:
  m_ObjectHideFlags: 0
  m_CorrespondingSourceObject: {fileID: 0}
  m_PrefabInstance: {fileID: 0}
  m_PrefabAsset: {fileID: 0}
  m_GameObject: {fileID: 625105919}
  m_LocalRotation: {x: 0.5000001, y: 0.50000006, z: -0.4999999, w: -0.49999994}
  m_LocalPosition: {x: -0.75020254, y: 0.055969194, z: 0}
  m_LocalScale: {x: -0.919175, y: -0.919175, z: -0.23313724}
  m_Children: []
  m_Father: {fileID: 179324638}
  m_RootOrder: 11
  m_LocalEulerAnglesHint: {x: 0, y: 0, z: 0}
--- !u!33 &625105922
MeshFilter:
  m_ObjectHideFlags: 0
  m_CorrespondingSourceObject: {fileID: 0}
  m_PrefabInstance: {fileID: 0}
  m_PrefabAsset: {fileID: 0}
  m_GameObject: {fileID: 625105919}
  m_Mesh: {fileID: 4300018, guid: 4add45e935a187a439d96bdfb5c81ee2, type: 3}
--- !u!23 &625105921
MeshRenderer:
  m_ObjectHideFlags: 0
  m_CorrespondingSourceObject: {fileID: 0}
  m_PrefabInstance: {fileID: 0}
  m_PrefabAsset: {fileID: 0}
  m_GameObject: {fileID: 625105919}
  m_Enabled: 1
  m_CastShadows: 1
  m_ReceiveShadows: 1
  m_DynamicOccludee: 1
  m_MotionVectors: 1
  m_LightProbeUsage: 1
  m_ReflectionProbeUsage: 1
  m_RenderingLayerMask: 1
  m_RendererPriority: 0
  m_Materials:
  - {fileID: 2100000, guid: fd91ab31c021ecd43939bf511b266e6a, type: 2}
  m_StaticBatchInfo:
    firstSubMesh: 0
    subMeshCount: 0
  m_StaticBatchRoot: {fileID: 0}
  m_ProbeAnchor: {fileID: 0}
  m_LightProbeVolumeOverride: {fileID: 0}
  m_ScaleInLightmap: 1
  m_PreserveUVs: 0
  m_IgnoreNormalsForChartDetection: 0
  m_ImportantGI: 0
  m_StitchLightmapSeams: 0
  m_SelectedEditorRenderState: 3
  m_MinimumChartSize: 4
  m_AutoUVMaxDistance: 0.5
  m_AutoUVMaxAngle: 89
  m_LightmapParameters: {fileID: 0}
  m_SortingLayerID: 0
  m_SortingLayer: 0
  m_SortingOrder: 0
--- !u!1 &946493932
GameObject:
  m_ObjectHideFlags: 0
  m_CorrespondingSourceObject: {fileID: 0}
  m_PrefabInstance: {fileID: 0}
  m_PrefabAsset: {fileID: 0}
  serializedVersion: 6
  m_Component:
  - component: {fileID: 946493933}
  - component: {fileID: 946493935}
  - component: {fileID: 946493934}
  m_Layer: 10
  m_Name: Cylinder.013
  m_TagString: Untagged
  m_Icon: {fileID: 0}
  m_NavMeshLayer: 0
  m_StaticEditorFlags: 0
  m_IsActive: 1
--- !u!4 &946493933
Transform:
  m_ObjectHideFlags: 0
  m_CorrespondingSourceObject: {fileID: 0}
  m_PrefabInstance: {fileID: 0}
  m_PrefabAsset: {fileID: 0}
  m_GameObject: {fileID: 946493932}
  m_LocalRotation: {x: 0.000000015454312, y: -0.70710677, z: 0.00000001545431, w: 0.7071068}
  m_LocalPosition: {x: -0.26738364, y: 0.038402796, z: -0.021304717}
  m_LocalScale: {x: 0.57774234, y: 0.57774234, z: 3.541508}
  m_Children: []
  m_Father: {fileID: 179324638}
  m_RootOrder: 10
  m_LocalEulerAnglesHint: {x: 0, y: 0, z: 0}
--- !u!33 &946493935
MeshFilter:
  m_ObjectHideFlags: 0
  m_CorrespondingSourceObject: {fileID: 0}
  m_PrefabInstance: {fileID: 0}
  m_PrefabAsset: {fileID: 0}
  m_GameObject: {fileID: 946493932}
  m_Mesh: {fileID: 4300006, guid: 4add45e935a187a439d96bdfb5c81ee2, type: 3}
--- !u!23 &946493934
MeshRenderer:
  m_ObjectHideFlags: 0
  m_CorrespondingSourceObject: {fileID: 0}
  m_PrefabInstance: {fileID: 0}
  m_PrefabAsset: {fileID: 0}
  m_GameObject: {fileID: 946493932}
  m_Enabled: 1
  m_CastShadows: 1
  m_ReceiveShadows: 1
  m_DynamicOccludee: 1
  m_MotionVectors: 1
  m_LightProbeUsage: 1
  m_ReflectionProbeUsage: 1
  m_RenderingLayerMask: 1
  m_RendererPriority: 0
  m_Materials:
  - {fileID: 2100000, guid: 4bc5aed7561ff1f48842f1ebc4361833, type: 2}
  m_StaticBatchInfo:
    firstSubMesh: 0
    subMeshCount: 0
  m_StaticBatchRoot: {fileID: 0}
  m_ProbeAnchor: {fileID: 0}
  m_LightProbeVolumeOverride: {fileID: 0}
  m_ScaleInLightmap: 1
  m_PreserveUVs: 0
  m_IgnoreNormalsForChartDetection: 0
  m_ImportantGI: 0
  m_StitchLightmapSeams: 0
  m_SelectedEditorRenderState: 3
  m_MinimumChartSize: 4
  m_AutoUVMaxDistance: 0.5
  m_AutoUVMaxAngle: 89
  m_LightmapParameters: {fileID: 0}
  m_SortingLayerID: 0
  m_SortingLayer: 0
  m_SortingOrder: 0
--- !u!1 &1012546757
GameObject:
  m_ObjectHideFlags: 0
  m_CorrespondingSourceObject: {fileID: 0}
  m_PrefabInstance: {fileID: 0}
  m_PrefabAsset: {fileID: 0}
  serializedVersion: 6
  m_Component:
  - component: {fileID: 1012546758}
  - component: {fileID: 1012546760}
  - component: {fileID: 1012546759}
  m_Layer: 10
  m_Name: Barrel
  m_TagString: Untagged
  m_Icon: {fileID: 0}
  m_NavMeshLayer: 0
  m_StaticEditorFlags: 0
  m_IsActive: 1
--- !u!4 &1012546758
Transform:
  m_ObjectHideFlags: 0
  m_CorrespondingSourceObject: {fileID: 0}
  m_PrefabInstance: {fileID: 0}
  m_PrefabAsset: {fileID: 0}
  m_GameObject: {fileID: 1012546757}
  m_LocalRotation: {x: -0.000000026692549, y: -0.7071067, z: -0.000000026692543, w: 0.7071068}
  m_LocalPosition: {x: -0.412759, y: 0.07302214, z: -1.03737257e-16}
  m_LocalScale: {x: 0.15131964, y: 0.15131962, z: 18.308374}
  m_Children: []
  m_Father: {fileID: 179324638}
  m_RootOrder: 3
  m_LocalEulerAnglesHint: {x: 0, y: 0, z: 0}
--- !u!33 &1012546760
MeshFilter:
  m_ObjectHideFlags: 0
  m_CorrespondingSourceObject: {fileID: 0}
  m_PrefabInstance: {fileID: 0}
  m_PrefabAsset: {fileID: 0}
  m_GameObject: {fileID: 1012546757}
  m_Mesh: {fileID: 4300010, guid: 4add45e935a187a439d96bdfb5c81ee2, type: 3}
--- !u!23 &1012546759
MeshRenderer:
  m_ObjectHideFlags: 0
  m_CorrespondingSourceObject: {fileID: 0}
  m_PrefabInstance: {fileID: 0}
  m_PrefabAsset: {fileID: 0}
  m_GameObject: {fileID: 1012546757}
  m_Enabled: 1
  m_CastShadows: 1
  m_ReceiveShadows: 1
  m_DynamicOccludee: 1
  m_MotionVectors: 1
  m_LightProbeUsage: 1
  m_ReflectionProbeUsage: 1
  m_RenderingLayerMask: 1
  m_RendererPriority: 0
  m_Materials:
  - {fileID: 2100000, guid: 1884749252101d24d88e1a5d18c61660, type: 2}
  m_StaticBatchInfo:
    firstSubMesh: 0
    subMeshCount: 0
  m_StaticBatchRoot: {fileID: 0}
  m_ProbeAnchor: {fileID: 0}
  m_LightProbeVolumeOverride: {fileID: 0}
  m_ScaleInLightmap: 1
  m_PreserveUVs: 0
  m_IgnoreNormalsForChartDetection: 0
  m_ImportantGI: 0
  m_StitchLightmapSeams: 0
  m_SelectedEditorRenderState: 3
  m_MinimumChartSize: 4
  m_AutoUVMaxDistance: 0.5
  m_AutoUVMaxAngle: 89
  m_LightmapParameters: {fileID: 0}
  m_SortingLayerID: 0
  m_SortingLayer: 0
  m_SortingOrder: 0
--- !u!1 &1185944910
GameObject:
  m_ObjectHideFlags: 0
  m_CorrespondingSourceObject: {fileID: 0}
  m_PrefabInstance: {fileID: 0}
  m_PrefabAsset: {fileID: 0}
  serializedVersion: 6
  m_Component:
  - component: {fileID: 1185944911}
  - component: {fileID: 1185944913}
  - component: {fileID: 1185944912}
  m_Layer: 10
  m_Name: Cube.008
  m_TagString: Untagged
  m_Icon: {fileID: 0}
  m_NavMeshLayer: 0
  m_StaticEditorFlags: 0
  m_IsActive: 1
--- !u!4 &1185944911
Transform:
  m_ObjectHideFlags: 0
  m_CorrespondingSourceObject: {fileID: 0}
  m_PrefabInstance: {fileID: 0}
  m_PrefabAsset: {fileID: 0}
  m_GameObject: {fileID: 1185944910}
  m_LocalRotation: {x: -0.7071068, y: 0, z: -0, w: 0.7071067}
  m_LocalPosition: {x: -0.14360839, y: -0.0070190877, z: -0.020151705}
  m_LocalScale: {x: 2.4705179, y: 0.09999996, z: 0.40127832}
  m_Children: []
  m_Father: {fileID: 179324638}
  m_RootOrder: 8
  m_LocalEulerAnglesHint: {x: 0, y: 0, z: 0}
--- !u!33 &1185944913
MeshFilter:
  m_ObjectHideFlags: 0
  m_CorrespondingSourceObject: {fileID: 0}
  m_PrefabInstance: {fileID: 0}
  m_PrefabAsset: {fileID: 0}
  m_GameObject: {fileID: 1185944910}
  m_Mesh: {fileID: 4300012, guid: 4add45e935a187a439d96bdfb5c81ee2, type: 3}
--- !u!23 &1185944912
MeshRenderer:
  m_ObjectHideFlags: 0
  m_CorrespondingSourceObject: {fileID: 0}
  m_PrefabInstance: {fileID: 0}
  m_PrefabAsset: {fileID: 0}
  m_GameObject: {fileID: 1185944910}
  m_Enabled: 1
  m_CastShadows: 1
  m_ReceiveShadows: 1
  m_DynamicOccludee: 1
  m_MotionVectors: 1
  m_LightProbeUsage: 1
  m_ReflectionProbeUsage: 1
  m_RenderingLayerMask: 1
  m_RendererPriority: 0
  m_Materials:
  - {fileID: 2100000, guid: e72b0b5cb863f0c4894c3501bb2cb4f6, type: 2}
  m_StaticBatchInfo:
    firstSubMesh: 0
    subMeshCount: 0
  m_StaticBatchRoot: {fileID: 0}
  m_ProbeAnchor: {fileID: 0}
  m_LightProbeVolumeOverride: {fileID: 0}
  m_ScaleInLightmap: 1
  m_PreserveUVs: 0
  m_IgnoreNormalsForChartDetection: 0
  m_ImportantGI: 0
  m_StitchLightmapSeams: 0
  m_SelectedEditorRenderState: 3
  m_MinimumChartSize: 4
  m_AutoUVMaxDistance: 0.5
  m_AutoUVMaxAngle: 89
  m_LightmapParameters: {fileID: 0}
  m_SortingLayerID: 0
  m_SortingLayer: 0
  m_SortingOrder: 0
--- !u!1 &1341245682
GameObject:
  m_ObjectHideFlags: 0
  m_CorrespondingSourceObject: {fileID: 0}
  m_PrefabInstance: {fileID: 0}
  m_PrefabAsset: {fileID: 0}
  serializedVersion: 6
  m_Component:
  - component: {fileID: 1341245683}
  - component: {fileID: 1341245685}
  - component: {fileID: 1341245684}
  m_Layer: 10
  m_Name: Cylinder.008
  m_TagString: Untagged
  m_Icon: {fileID: 0}
  m_NavMeshLayer: 0
  m_StaticEditorFlags: 0
  m_IsActive: 1
--- !u!4 &1341245683
Transform:
  m_ObjectHideFlags: 0
  m_CorrespondingSourceObject: {fileID: 0}
  m_PrefabInstance: {fileID: 0}
  m_PrefabAsset: {fileID: 0}
  m_GameObject: {fileID: 1341245682}
  m_LocalRotation: {x: 0.00000018518179, y: 0.7071069, z: -0.7071067, w: -0.000000090175746}
  m_LocalPosition: {x: 0.261, y: -0.004, z: 0}
  m_LocalScale: {x: -1.1446053, y: -1.1446053, z: -2.5188563}
  m_Children: []
  m_Father: {fileID: 179324638}
  m_RootOrder: 9
  m_LocalEulerAnglesHint: {x: 0, y: 0, z: 0}
--- !u!33 &1341245685
MeshFilter:
  m_ObjectHideFlags: 0
  m_CorrespondingSourceObject: {fileID: 0}
  m_PrefabInstance: {fileID: 0}
  m_PrefabAsset: {fileID: 0}
  m_GameObject: {fileID: 1341245682}
  m_Mesh: {fileID: 4300002, guid: 4add45e935a187a439d96bdfb5c81ee2, type: 3}
--- !u!23 &1341245684
MeshRenderer:
  m_ObjectHideFlags: 0
  m_CorrespondingSourceObject: {fileID: 0}
  m_PrefabInstance: {fileID: 0}
  m_PrefabAsset: {fileID: 0}
  m_GameObject: {fileID: 1341245682}
  m_Enabled: 1
  m_CastShadows: 1
  m_ReceiveShadows: 1
  m_DynamicOccludee: 1
  m_MotionVectors: 1
  m_LightProbeUsage: 1
  m_ReflectionProbeUsage: 1
  m_RenderingLayerMask: 1
  m_RendererPriority: 0
  m_Materials:
  - {fileID: 2100000, guid: 84be6613e66ed814da75f142f9d8b964, type: 2}
  m_StaticBatchInfo:
    firstSubMesh: 0
    subMeshCount: 0
  m_StaticBatchRoot: {fileID: 0}
  m_ProbeAnchor: {fileID: 0}
  m_LightProbeVolumeOverride: {fileID: 0}
  m_ScaleInLightmap: 1
  m_PreserveUVs: 0
  m_IgnoreNormalsForChartDetection: 0
  m_ImportantGI: 0
  m_StitchLightmapSeams: 0
  m_SelectedEditorRenderState: 3
  m_MinimumChartSize: 4
  m_AutoUVMaxDistance: 0.5
  m_AutoUVMaxAngle: 89
  m_LightmapParameters: {fileID: 0}
  m_SortingLayerID: 0
  m_SortingLayer: 0
  m_SortingOrder: 0
--- !u!1 &1520590066
GameObject:
  m_ObjectHideFlags: 0
  m_CorrespondingSourceObject: {fileID: 0}
  m_PrefabInstance: {fileID: 0}
  m_PrefabAsset: {fileID: 0}
  serializedVersion: 6
  m_Component:
  - component: {fileID: 1520590067}
  - component: {fileID: 1520590069}
  - component: {fileID: 1520590068}
  m_Layer: 10
  m_Name: Cube
  m_TagString: Untagged
  m_Icon: {fileID: 0}
  m_NavMeshLayer: 0
  m_StaticEditorFlags: 0
  m_IsActive: 1
--- !u!4 &1520590067
Transform:
  m_ObjectHideFlags: 0
  m_CorrespondingSourceObject: {fileID: 0}
  m_PrefabInstance: {fileID: 0}
  m_PrefabAsset: {fileID: 0}
  m_GameObject: {fileID: 1520590066}
  m_LocalRotation: {x: -0.7071068, y: 0, z: -0, w: 0.7071067}
  m_LocalPosition: {x: -0.6499506, y: 0.12940574, z: 0.00027655886}
  m_LocalScale: {x: 0.08373483, y: 0.07967064, z: 0.46995622}
  m_Children: []
  m_Father: {fileID: 179324638}
  m_RootOrder: 5
  m_LocalEulerAnglesHint: {x: 0, y: 0, z: 0}
--- !u!33 &1520590069
MeshFilter:
  m_ObjectHideFlags: 0
  m_CorrespondingSourceObject: {fileID: 0}
  m_PrefabInstance: {fileID: 0}
  m_PrefabAsset: {fileID: 0}
  m_GameObject: {fileID: 1520590066}
  m_Mesh: {fileID: 4300000, guid: 4add45e935a187a439d96bdfb5c81ee2, type: 3}
--- !u!23 &1520590068
MeshRenderer:
  m_ObjectHideFlags: 0
  m_CorrespondingSourceObject: {fileID: 0}
  m_PrefabInstance: {fileID: 0}
  m_PrefabAsset: {fileID: 0}
  m_GameObject: {fileID: 1520590066}
  m_Enabled: 1
  m_CastShadows: 1
  m_ReceiveShadows: 1
  m_DynamicOccludee: 1
  m_MotionVectors: 1
  m_LightProbeUsage: 1
  m_ReflectionProbeUsage: 1
  m_RenderingLayerMask: 1
  m_RendererPriority: 0
  m_Materials:
  - {fileID: 2100000, guid: 660c2b924c1125e4faf3ddf2ea32cbb6, type: 2}
  m_StaticBatchInfo:
    firstSubMesh: 0
    subMeshCount: 0
  m_StaticBatchRoot: {fileID: 0}
  m_ProbeAnchor: {fileID: 0}
  m_LightProbeVolumeOverride: {fileID: 0}
  m_ScaleInLightmap: 1
  m_PreserveUVs: 0
  m_IgnoreNormalsForChartDetection: 0
  m_ImportantGI: 0
  m_StitchLightmapSeams: 0
  m_SelectedEditorRenderState: 3
  m_MinimumChartSize: 4
  m_AutoUVMaxDistance: 0.5
  m_AutoUVMaxAngle: 89
  m_LightmapParameters: {fileID: 0}
  m_SortingLayerID: 0
  m_SortingLayer: 0
  m_SortingOrder: 0
--- !u!1 &1588259934
GameObject:
  m_ObjectHideFlags: 0
  m_CorrespondingSourceObject: {fileID: 0}
  m_PrefabInstance: {fileID: 0}
  m_PrefabAsset: {fileID: 0}
  serializedVersion: 6
  m_Component:
  - component: {fileID: 1588259935}
  - component: {fileID: 1588259937}
  - component: {fileID: 1588259936}
  m_Layer: 10
  m_Name: Rail
  m_TagString: Untagged
  m_Icon: {fileID: 0}
  m_NavMeshLayer: 0
  m_StaticEditorFlags: 0
  m_IsActive: 1
--- !u!4 &1588259935
Transform:
  m_ObjectHideFlags: 0
  m_CorrespondingSourceObject: {fileID: 0}
  m_PrefabInstance: {fileID: 0}
  m_PrefabAsset: {fileID: 0}
  m_GameObject: {fileID: 1588259934}
  m_LocalRotation: {x: -0.7071068, y: 0, z: -0, w: 0.7071067}
  m_LocalPosition: {x: -0.11144177, y: -0.03802403, z: 0}
  m_LocalScale: {x: 3.2483735, y: 2.2954195, z: 4.6047745}
  m_Children: []
  m_Father: {fileID: 179324638}
  m_RootOrder: 12
  m_LocalEulerAnglesHint: {x: 0, y: 0, z: 0}
--- !u!33 &1588259937
MeshFilter:
  m_ObjectHideFlags: 0
  m_CorrespondingSourceObject: {fileID: 0}
  m_PrefabInstance: {fileID: 0}
  m_PrefabAsset: {fileID: 0}
  m_GameObject: {fileID: 1588259934}
  m_Mesh: {fileID: 4300014, guid: 4add45e935a187a439d96bdfb5c81ee2, type: 3}
--- !u!23 &1588259936
MeshRenderer:
  m_ObjectHideFlags: 0
  m_CorrespondingSourceObject: {fileID: 0}
  m_PrefabInstance: {fileID: 0}
  m_PrefabAsset: {fileID: 0}
  m_GameObject: {fileID: 1588259934}
  m_Enabled: 1
  m_CastShadows: 1
  m_ReceiveShadows: 1
  m_DynamicOccludee: 1
  m_MotionVectors: 1
  m_LightProbeUsage: 1
  m_ReflectionProbeUsage: 1
  m_RenderingLayerMask: 1
  m_RendererPriority: 0
  m_Materials:
  - {fileID: 2100000, guid: 5d1a8fb6b77387c4cb3186d6757cd401, type: 2}
  m_StaticBatchInfo:
    firstSubMesh: 0
    subMeshCount: 0
  m_StaticBatchRoot: {fileID: 0}
  m_ProbeAnchor: {fileID: 0}
  m_LightProbeVolumeOverride: {fileID: 0}
  m_ScaleInLightmap: 1
  m_PreserveUVs: 0
  m_IgnoreNormalsForChartDetection: 0
  m_ImportantGI: 0
  m_StitchLightmapSeams: 0
  m_SelectedEditorRenderState: 3
  m_MinimumChartSize: 4
  m_AutoUVMaxDistance: 0.5
  m_AutoUVMaxAngle: 89
  m_LightmapParameters: {fileID: 0}
  m_SortingLayerID: 0
  m_SortingLayer: 0
  m_SortingOrder: 0
--- !u!1 &1905931204
GameObject:
  m_ObjectHideFlags: 0
  m_CorrespondingSourceObject: {fileID: 0}
  m_PrefabInstance: {fileID: 0}
  m_PrefabAsset: {fileID: 0}
  serializedVersion: 6
  m_Component:
  - component: {fileID: 1905931205}
  - component: {fileID: 1905931207}
  - component: {fileID: 1905931206}
  m_Layer: 10
  m_Name: Cube.004
  m_TagString: Untagged
  m_Icon: {fileID: 0}
  m_NavMeshLayer: 0
  m_StaticEditorFlags: 0
  m_IsActive: 1
--- !u!4 &1905931205
Transform:
  m_ObjectHideFlags: 0
  m_CorrespondingSourceObject: {fileID: 0}
  m_PrefabInstance: {fileID: 0}
  m_PrefabAsset: {fileID: 0}
  m_GameObject: {fileID: 1905931204}
  m_LocalRotation: {x: -0.7071068, y: 0, z: -0, w: 0.7071067}
  m_LocalPosition: {x: -0.08941774, y: -0.06935542, z: 0}
  m_LocalScale: {x: 3, y: 1.25, z: 0.1}
  m_Children: []
  m_Father: {fileID: 179324638}
  m_RootOrder: 7
  m_LocalEulerAnglesHint: {x: 0, y: 0, z: 0}
--- !u!33 &1905931207
MeshFilter:
  m_ObjectHideFlags: 0
  m_CorrespondingSourceObject: {fileID: 0}
  m_PrefabInstance: {fileID: 0}
  m_PrefabAsset: {fileID: 0}
  m_GameObject: {fileID: 1905931204}
  m_Mesh: {fileID: 4300016, guid: 4add45e935a187a439d96bdfb5c81ee2, type: 3}
--- !u!23 &1905931206
MeshRenderer:
  m_ObjectHideFlags: 0
  m_CorrespondingSourceObject: {fileID: 0}
  m_PrefabInstance: {fileID: 0}
  m_PrefabAsset: {fileID: 0}
  m_GameObject: {fileID: 1905931204}
  m_Enabled: 1
  m_CastShadows: 1
  m_ReceiveShadows: 1
  m_DynamicOccludee: 1
  m_MotionVectors: 1
  m_LightProbeUsage: 1
  m_ReflectionProbeUsage: 1
  m_RenderingLayerMask: 1
  m_RendererPriority: 0
  m_Materials:
  - {fileID: 2100000, guid: 262f6061d7dbf4b47a035f35f17e530b, type: 2}
  m_StaticBatchInfo:
    firstSubMesh: 0
    subMeshCount: 0
  m_StaticBatchRoot: {fileID: 0}
  m_ProbeAnchor: {fileID: 0}
  m_LightProbeVolumeOverride: {fileID: 0}
  m_ScaleInLightmap: 1
  m_PreserveUVs: 0
  m_IgnoreNormalsForChartDetection: 0
  m_ImportantGI: 0
  m_StitchLightmapSeams: 0
  m_SelectedEditorRenderState: 3
  m_MinimumChartSize: 4
  m_AutoUVMaxDistance: 0.5
  m_AutoUVMaxAngle: 89
  m_LightmapParameters: {fileID: 0}
  m_SortingLayerID: 0
  m_SortingLayer: 0
  m_SortingOrder: 0
--- !u!82 &1279310413
AudioSource:
  m_ObjectHideFlags: 0
  m_CorrespondingSourceObject: {fileID: 0}
  m_PrefabInstance: {fileID: 0}
  m_PrefabAsset: {fileID: 0}
  m_GameObject: {fileID: 1483477572188356214}
  m_Enabled: 1
  serializedVersion: 4
  OutputAudioMixerGroup: {fileID: 0}
  m_audioClip: {fileID: 0}
  m_PlayOnAwake: 1
  m_Volume: 0.4
  m_Pitch: 1
  Loop: 0
  Mute: 0
  Spatialize: 0
  SpatializePostEffects: 0
  Priority: 128
  DopplerLevel: 1
  MinDistance: 1
  MaxDistance: 500
  Pan2D: 0
  rolloffMode: 0
  BypassEffects: 0
  BypassListenerEffects: 0
  BypassReverbZones: 0
  rolloffCustomCurve:
    serializedVersion: 2
    m_Curve:
    - serializedVersion: 3
      time: 0
      value: 1
      inSlope: 0
      outSlope: 0
      tangentMode: 0
      weightedMode: 0
      inWeight: 0.33333334
      outWeight: 0.33333334
    - serializedVersion: 3
      time: 1
      value: 0
      inSlope: 0
      outSlope: 0
      tangentMode: 0
      weightedMode: 0
      inWeight: 0.33333334
      outWeight: 0.33333334
    m_PreInfinity: 2
    m_PostInfinity: 2
    m_RotationOrder: 4
  panLevelCustomCurve:
    serializedVersion: 2
    m_Curve:
    - serializedVersion: 3
      time: 0
      value: 0
      inSlope: 0
      outSlope: 0
      tangentMode: 0
      weightedMode: 0
      inWeight: 0.33333334
      outWeight: 0.33333334
    m_PreInfinity: 2
    m_PostInfinity: 2
    m_RotationOrder: 4
  spreadCustomCurve:
    serializedVersion: 2
    m_Curve:
    - serializedVersion: 3
      time: 0
      value: 0
      inSlope: 0
      outSlope: 0
      tangentMode: 0
      weightedMode: 0
      inWeight: 0.33333334
      outWeight: 0.33333334
    m_PreInfinity: 2
    m_PostInfinity: 2
    m_RotationOrder: 4
  reverbZoneMixCustomCurve:
    serializedVersion: 2
    m_Curve:
    - serializedVersion: 3
      time: 0
      value: 1
      inSlope: 0
      outSlope: 0
      tangentMode: 0
      weightedMode: 0
      inWeight: 0.33333334
      outWeight: 0.33333334
    m_PreInfinity: 2
    m_PostInfinity: 2
    m_RotationOrder: 4
--- !u!114 &1279310411
MonoBehaviour:
  m_ObjectHideFlags: 0
  m_CorrespondingSourceObject: {fileID: 0}
  m_PrefabInstance: {fileID: 0}
  m_PrefabAsset: {fileID: 0}
  m_GameObject: {fileID: 1483477572188356214}
  m_Enabled: 1
  m_EditorHideFlags: 0
  m_Script: {fileID: 11500000, guid: 7b5db027cd4058243b073c1cf4f4cf2f, type: 3}
  m_Name: 
  m_EditorClassIdentifier: 
  Offset: {x: 20, y: 50, z: 20}
  Target: {fileID: 0}
  spine: {fileID: 1483477572188382166}
  clips:
  - {fileID: 8300000, guid: 5087e1ecf0ee7e045bb141bb0494b6c7, type: 3}
  - {fileID: 8300000, guid: 91f30915a32415146b99ffd36038f0c7, type: 3}
  - {fileID: 8300000, guid: 5c9a1e745b1166a4f8015aea9ca3e466, type: 3}
  audioSource: {fileID: 0}
--- !u!1001 &1483477570826589701
PrefabInstance:
  m_ObjectHideFlags: 0
  serializedVersion: 2
  m_Modification:
    m_TransformParent: {fileID: 179324638}
    m_Modifications:
    - target: {fileID: 1000013947318026, guid: 7ca96822084510147adb2aea03d45e3b, type: 3}
      propertyPath: m_Name
      value: CartucceEffect
      objectReference: {fileID: 0}
    - target: {fileID: 1000013947318026, guid: 7ca96822084510147adb2aea03d45e3b, type: 3}
      propertyPath: m_Layer
      value: 10
      objectReference: {fileID: 0}
    - target: {fileID: 1000014084508392, guid: 7ca96822084510147adb2aea03d45e3b, type: 3}
      propertyPath: m_Layer
      value: 10
      objectReference: {fileID: 0}
    - target: {fileID: 4000011175361746, guid: 7ca96822084510147adb2aea03d45e3b, type: 3}
      propertyPath: m_LocalPosition.x
      value: -0.1553
      objectReference: {fileID: 0}
    - target: {fileID: 4000011175361746, guid: 7ca96822084510147adb2aea03d45e3b, type: 3}
      propertyPath: m_LocalPosition.y
      value: 0.0573
      objectReference: {fileID: 0}
    - target: {fileID: 4000011175361746, guid: 7ca96822084510147adb2aea03d45e3b, type: 3}
      propertyPath: m_LocalPosition.z
      value: 0.0281
      objectReference: {fileID: 0}
    - target: {fileID: 4000011175361746, guid: 7ca96822084510147adb2aea03d45e3b, type: 3}
      propertyPath: m_LocalRotation.x
      value: -0.012705615
      objectReference: {fileID: 0}
    - target: {fileID: 4000011175361746, guid: 7ca96822084510147adb2aea03d45e3b, type: 3}
      propertyPath: m_LocalRotation.y
      value: -0.7101768
      objectReference: {fileID: 0}
    - target: {fileID: 4000011175361746, guid: 7ca96822084510147adb2aea03d45e3b, type: 3}
      propertyPath: m_LocalRotation.z
      value: -0.008313471
      objectReference: {fileID: 0}
    - target: {fileID: 4000011175361746, guid: 7ca96822084510147adb2aea03d45e3b, type: 3}
      propertyPath: m_LocalRotation.w
      value: 0.70385957
      objectReference: {fileID: 0}
    - target: {fileID: 4000011175361746, guid: 7ca96822084510147adb2aea03d45e3b, type: 3}
      propertyPath: m_RootOrder
      value: 2
      objectReference: {fileID: 0}
    - target: {fileID: 4000011175361746, guid: 7ca96822084510147adb2aea03d45e3b, type: 3}
      propertyPath: m_LocalEulerAnglesHint.x
      value: -1.702
      objectReference: {fileID: 0}
    - target: {fileID: 4000011175361746, guid: 7ca96822084510147adb2aea03d45e3b, type: 3}
      propertyPath: m_LocalEulerAnglesHint.y
      value: -90.517006
      objectReference: {fileID: 0}
    - target: {fileID: 4000011175361746, guid: 7ca96822084510147adb2aea03d45e3b, type: 3}
      propertyPath: m_LocalEulerAnglesHint.z
      value: 0.36400002
      objectReference: {fileID: 0}
    - target: {fileID: 198000010131513902, guid: 7ca96822084510147adb2aea03d45e3b,
        type: 3}
      propertyPath: looping
      value: 0
      objectReference: {fileID: 0}
    - target: {fileID: 198000010131513902, guid: 7ca96822084510147adb2aea03d45e3b,
        type: 3}
      propertyPath: randomSeed
      value: 0
      objectReference: {fileID: 0}
    - target: {fileID: 198000010131513902, guid: 7ca96822084510147adb2aea03d45e3b,
        type: 3}
      propertyPath: moveWithTransform
      value: 0
      objectReference: {fileID: 0}
    m_RemovedComponents: []
  m_SourcePrefab: {fileID: 100100000, guid: 7ca96822084510147adb2aea03d45e3b, type: 3}
--- !u!4 &1484053727182891735 stripped
Transform:
  m_CorrespondingSourceObject: {fileID: 4000011175361746, guid: 7ca96822084510147adb2aea03d45e3b,
    type: 3}
  m_PrefabInstance: {fileID: 1483477570826589701}
  m_PrefabAsset: {fileID: 0}
--- !u!198 &1596861454987392043 stripped
ParticleSystem:
  m_CorrespondingSourceObject: {fileID: 198000010131513902, guid: 7ca96822084510147adb2aea03d45e3b,
    type: 3}
  m_PrefabInstance: {fileID: 1483477570826589701}
  m_PrefabAsset: {fileID: 0}
--- !u!1001 &1483477571258405700
PrefabInstance:
  m_ObjectHideFlags: 0
  serializedVersion: 2
  m_Modification:
    m_TransformParent: {fileID: 179324638}
    m_Modifications:
    - target: {fileID: 1000010254994808, guid: 9defeac88977c0d448aa4541073ee9e4, type: 3}
      propertyPath: m_Layer
      value: 10
      objectReference: {fileID: 0}
    - target: {fileID: 4000011227296186, guid: 9defeac88977c0d448aa4541073ee9e4, type: 3}
      propertyPath: m_LocalPosition.x
      value: -0.805
      objectReference: {fileID: 0}
    - target: {fileID: 4000011227296186, guid: 9defeac88977c0d448aa4541073ee9e4, type: 3}
      propertyPath: m_LocalPosition.y
      value: 0.056
      objectReference: {fileID: 0}
    - target: {fileID: 4000011227296186, guid: 9defeac88977c0d448aa4541073ee9e4, type: 3}
      propertyPath: m_LocalPosition.z
      value: 0.018
      objectReference: {fileID: 0}
    - target: {fileID: 4000011227296186, guid: 9defeac88977c0d448aa4541073ee9e4, type: 3}
      propertyPath: m_LocalRotation.x
      value: -0.014705922
      objectReference: {fileID: 0}
    - target: {fileID: 4000011227296186, guid: 9defeac88977c0d448aa4541073ee9e4, type: 3}
      propertyPath: m_LocalRotation.y
      value: -0.69262
      objectReference: {fileID: 0}
    - target: {fileID: 4000011227296186, guid: 9defeac88977c0d448aa4541073ee9e4, type: 3}
      propertyPath: m_LocalRotation.z
      value: 0.01725417
      objectReference: {fileID: 0}
    - target: {fileID: 4000011227296186, guid: 9defeac88977c0d448aa4541073ee9e4, type: 3}
      propertyPath: m_LocalRotation.w
      value: 0.7209464
      objectReference: {fileID: 0}
    - target: {fileID: 4000011227296186, guid: 9defeac88977c0d448aa4541073ee9e4, type: 3}
      propertyPath: m_RootOrder
      value: 1
      objectReference: {fileID: 0}
    - target: {fileID: 4000011227296186, guid: 9defeac88977c0d448aa4541073ee9e4, type: 3}
      propertyPath: m_LocalEulerAnglesHint.x
      value: 1.3920001
      objectReference: {fileID: 0}
    - target: {fileID: 4000011227296186, guid: 9defeac88977c0d448aa4541073ee9e4, type: 3}
      propertyPath: m_LocalEulerAnglesHint.y
      value: -187.59499
      objectReference: {fileID: 0}
    - target: {fileID: 4000011227296186, guid: 9defeac88977c0d448aa4541073ee9e4, type: 3}
      propertyPath: m_LocalEulerAnglesHint.z
      value: 3.436
      objectReference: {fileID: 0}
    - target: {fileID: 4000011227296186, guid: 9defeac88977c0d448aa4541073ee9e4, type: 3}
      propertyPath: m_LocalScale.x
      value: 0.71997184
      objectReference: {fileID: 0}
    - target: {fileID: 4000011227296186, guid: 9defeac88977c0d448aa4541073ee9e4, type: 3}
      propertyPath: m_LocalScale.y
      value: 0.71997285
      objectReference: {fileID: 0}
    - target: {fileID: 4000011227296186, guid: 9defeac88977c0d448aa4541073ee9e4, type: 3}
      propertyPath: m_LocalScale.z
      value: 0.71997213
      objectReference: {fileID: 0}
    - target: {fileID: 198000012944515248, guid: 9defeac88977c0d448aa4541073ee9e4,
        type: 3}
      propertyPath: InitialModule.maxNumParticles
      value: 1000
      objectReference: {fileID: 0}
    - target: {fileID: 198000012944515248, guid: 9defeac88977c0d448aa4541073ee9e4,
        type: 3}
      propertyPath: randomSeed
      value: 0
      objectReference: {fileID: 0}
    m_RemovedComponents: []
  m_SourcePrefab: {fileID: 100100000, guid: 9defeac88977c0d448aa4541073ee9e4, type: 3}
--- !u!4 &1484053729044931326 stripped
Transform:
  m_CorrespondingSourceObject: {fileID: 4000011227296186, guid: 9defeac88977c0d448aa4541073ee9e4,
    type: 3}
  m_PrefabInstance: {fileID: 1483477571258405700}
  m_PrefabAsset: {fileID: 0}
--- !u!1001 &1483477572188256468
PrefabInstance:
  m_ObjectHideFlags: 0
  serializedVersion: 2
  m_Modification:
    m_TransformParent: {fileID: 0}
    m_Modifications:
    - target: {fileID: 100000, guid: 71521e2b38f4a4c4a8915d02f05df9be, type: 3}
      propertyPath: m_Layer
      value: 10
      objectReference: {fileID: 0}
    - target: {fileID: 100002, guid: 71521e2b38f4a4c4a8915d02f05df9be, type: 3}
      propertyPath: m_Name
      value: PersonaggioFucile3
      objectReference: {fileID: 0}
    - target: {fileID: 100002, guid: 71521e2b38f4a4c4a8915d02f05df9be, type: 3}
      propertyPath: m_IsActive
      value: 1
      objectReference: {fileID: 0}
    - target: {fileID: 100002, guid: 71521e2b38f4a4c4a8915d02f05df9be, type: 3}
      propertyPath: m_Layer
      value: 10
      objectReference: {fileID: 0}
    - target: {fileID: 100004, guid: 71521e2b38f4a4c4a8915d02f05df9be, type: 3}
      propertyPath: m_Layer
      value: 10
      objectReference: {fileID: 0}
    - target: {fileID: 100006, guid: 71521e2b38f4a4c4a8915d02f05df9be, type: 3}
      propertyPath: m_Layer
      value: 10
      objectReference: {fileID: 0}
    - target: {fileID: 100008, guid: 71521e2b38f4a4c4a8915d02f05df9be, type: 3}
      propertyPath: m_Layer
      value: 10
      objectReference: {fileID: 0}
    - target: {fileID: 100010, guid: 71521e2b38f4a4c4a8915d02f05df9be, type: 3}
      propertyPath: m_Layer
      value: 10
      objectReference: {fileID: 0}
    - target: {fileID: 100012, guid: 71521e2b38f4a4c4a8915d02f05df9be, type: 3}
      propertyPath: m_Layer
      value: 10
      objectReference: {fileID: 0}
    - target: {fileID: 100014, guid: 71521e2b38f4a4c4a8915d02f05df9be, type: 3}
      propertyPath: m_Layer
      value: 10
      objectReference: {fileID: 0}
    - target: {fileID: 100016, guid: 71521e2b38f4a4c4a8915d02f05df9be, type: 3}
      propertyPath: m_Layer
      value: 10
      objectReference: {fileID: 0}
    - target: {fileID: 100018, guid: 71521e2b38f4a4c4a8915d02f05df9be, type: 3}
      propertyPath: m_Layer
      value: 10
      objectReference: {fileID: 0}
    - target: {fileID: 100020, guid: 71521e2b38f4a4c4a8915d02f05df9be, type: 3}
      propertyPath: m_Layer
      value: 10
      objectReference: {fileID: 0}
    - target: {fileID: 100022, guid: 71521e2b38f4a4c4a8915d02f05df9be, type: 3}
      propertyPath: m_Layer
      value: 10
      objectReference: {fileID: 0}
    - target: {fileID: 100024, guid: 71521e2b38f4a4c4a8915d02f05df9be, type: 3}
      propertyPath: m_Layer
      value: 10
      objectReference: {fileID: 0}
    - target: {fileID: 100026, guid: 71521e2b38f4a4c4a8915d02f05df9be, type: 3}
      propertyPath: m_Layer
      value: 10
      objectReference: {fileID: 0}
    - target: {fileID: 100028, guid: 71521e2b38f4a4c4a8915d02f05df9be, type: 3}
      propertyPath: m_Layer
      value: 10
      objectReference: {fileID: 0}
    - target: {fileID: 100030, guid: 71521e2b38f4a4c4a8915d02f05df9be, type: 3}
      propertyPath: m_Layer
      value: 10
      objectReference: {fileID: 0}
    - target: {fileID: 100032, guid: 71521e2b38f4a4c4a8915d02f05df9be, type: 3}
      propertyPath: m_Layer
      value: 10
      objectReference: {fileID: 0}
    - target: {fileID: 100034, guid: 71521e2b38f4a4c4a8915d02f05df9be, type: 3}
      propertyPath: m_Layer
      value: 10
      objectReference: {fileID: 0}
    - target: {fileID: 100036, guid: 71521e2b38f4a4c4a8915d02f05df9be, type: 3}
      propertyPath: m_Layer
      value: 10
      objectReference: {fileID: 0}
    - target: {fileID: 100038, guid: 71521e2b38f4a4c4a8915d02f05df9be, type: 3}
      propertyPath: m_Layer
      value: 10
      objectReference: {fileID: 0}
    - target: {fileID: 100040, guid: 71521e2b38f4a4c4a8915d02f05df9be, type: 3}
      propertyPath: m_Layer
      value: 10
      objectReference: {fileID: 0}
    - target: {fileID: 100042, guid: 71521e2b38f4a4c4a8915d02f05df9be, type: 3}
      propertyPath: m_Layer
      value: 10
      objectReference: {fileID: 0}
    - target: {fileID: 100044, guid: 71521e2b38f4a4c4a8915d02f05df9be, type: 3}
      propertyPath: m_Layer
      value: 10
      objectReference: {fileID: 0}
    - target: {fileID: 100046, guid: 71521e2b38f4a4c4a8915d02f05df9be, type: 3}
      propertyPath: m_Layer
      value: 10
      objectReference: {fileID: 0}
    - target: {fileID: 100048, guid: 71521e2b38f4a4c4a8915d02f05df9be, type: 3}
      propertyPath: m_Layer
      value: 10
      objectReference: {fileID: 0}
    - target: {fileID: 100050, guid: 71521e2b38f4a4c4a8915d02f05df9be, type: 3}
      propertyPath: m_Layer
      value: 10
      objectReference: {fileID: 0}
    - target: {fileID: 100052, guid: 71521e2b38f4a4c4a8915d02f05df9be, type: 3}
      propertyPath: m_Layer
      value: 10
      objectReference: {fileID: 0}
    - target: {fileID: 100054, guid: 71521e2b38f4a4c4a8915d02f05df9be, type: 3}
      propertyPath: m_Layer
      value: 10
      objectReference: {fileID: 0}
    - target: {fileID: 100056, guid: 71521e2b38f4a4c4a8915d02f05df9be, type: 3}
      propertyPath: m_Layer
      value: 10
      objectReference: {fileID: 0}
    - target: {fileID: 100058, guid: 71521e2b38f4a4c4a8915d02f05df9be, type: 3}
      propertyPath: m_Layer
      value: 10
      objectReference: {fileID: 0}
    - target: {fileID: 100060, guid: 71521e2b38f4a4c4a8915d02f05df9be, type: 3}
      propertyPath: m_Layer
      value: 10
      objectReference: {fileID: 0}
    - target: {fileID: 100062, guid: 71521e2b38f4a4c4a8915d02f05df9be, type: 3}
      propertyPath: m_Layer
      value: 10
      objectReference: {fileID: 0}
    - target: {fileID: 100064, guid: 71521e2b38f4a4c4a8915d02f05df9be, type: 3}
      propertyPath: m_Layer
      value: 10
      objectReference: {fileID: 0}
    - target: {fileID: 100066, guid: 71521e2b38f4a4c4a8915d02f05df9be, type: 3}
      propertyPath: m_Layer
      value: 10
      objectReference: {fileID: 0}
    - target: {fileID: 100068, guid: 71521e2b38f4a4c4a8915d02f05df9be, type: 3}
      propertyPath: m_Layer
      value: 10
      objectReference: {fileID: 0}
    - target: {fileID: 100070, guid: 71521e2b38f4a4c4a8915d02f05df9be, type: 3}
      propertyPath: m_Layer
      value: 10
      objectReference: {fileID: 0}
    - target: {fileID: 100072, guid: 71521e2b38f4a4c4a8915d02f05df9be, type: 3}
      propertyPath: m_Layer
      value: 10
      objectReference: {fileID: 0}
    - target: {fileID: 100074, guid: 71521e2b38f4a4c4a8915d02f05df9be, type: 3}
      propertyPath: m_Layer
      value: 10
      objectReference: {fileID: 0}
    - target: {fileID: 100076, guid: 71521e2b38f4a4c4a8915d02f05df9be, type: 3}
      propertyPath: m_Layer
      value: 10
      objectReference: {fileID: 0}
    - target: {fileID: 100078, guid: 71521e2b38f4a4c4a8915d02f05df9be, type: 3}
      propertyPath: m_Layer
      value: 10
      objectReference: {fileID: 0}
    - target: {fileID: 100080, guid: 71521e2b38f4a4c4a8915d02f05df9be, type: 3}
      propertyPath: m_Layer
      value: 10
      objectReference: {fileID: 0}
    - target: {fileID: 100082, guid: 71521e2b38f4a4c4a8915d02f05df9be, type: 3}
      propertyPath: m_Layer
      value: 10
      objectReference: {fileID: 0}
    - target: {fileID: 100084, guid: 71521e2b38f4a4c4a8915d02f05df9be, type: 3}
      propertyPath: m_Layer
      value: 10
      objectReference: {fileID: 0}
    - target: {fileID: 100086, guid: 71521e2b38f4a4c4a8915d02f05df9be, type: 3}
      propertyPath: m_Layer
      value: 10
      objectReference: {fileID: 0}
    - target: {fileID: 100088, guid: 71521e2b38f4a4c4a8915d02f05df9be, type: 3}
      propertyPath: m_Layer
      value: 10
      objectReference: {fileID: 0}
    - target: {fileID: 100090, guid: 71521e2b38f4a4c4a8915d02f05df9be, type: 3}
      propertyPath: m_Layer
      value: 10
      objectReference: {fileID: 0}
    - target: {fileID: 100092, guid: 71521e2b38f4a4c4a8915d02f05df9be, type: 3}
      propertyPath: m_Layer
      value: 10
      objectReference: {fileID: 0}
    - target: {fileID: 100094, guid: 71521e2b38f4a4c4a8915d02f05df9be, type: 3}
      propertyPath: m_Layer
      value: 10
      objectReference: {fileID: 0}
    - target: {fileID: 100096, guid: 71521e2b38f4a4c4a8915d02f05df9be, type: 3}
      propertyPath: m_Layer
      value: 10
      objectReference: {fileID: 0}
    - target: {fileID: 100098, guid: 71521e2b38f4a4c4a8915d02f05df9be, type: 3}
      propertyPath: m_Layer
      value: 10
      objectReference: {fileID: 0}
    - target: {fileID: 100100, guid: 71521e2b38f4a4c4a8915d02f05df9be, type: 3}
      propertyPath: m_Layer
      value: 10
      objectReference: {fileID: 0}
    - target: {fileID: 100102, guid: 71521e2b38f4a4c4a8915d02f05df9be, type: 3}
      propertyPath: m_Layer
      value: 10
      objectReference: {fileID: 0}
    - target: {fileID: 100104, guid: 71521e2b38f4a4c4a8915d02f05df9be, type: 3}
      propertyPath: m_Layer
      value: 10
      objectReference: {fileID: 0}
    - target: {fileID: 100106, guid: 71521e2b38f4a4c4a8915d02f05df9be, type: 3}
      propertyPath: m_Layer
      value: 10
      objectReference: {fileID: 0}
    - target: {fileID: 100108, guid: 71521e2b38f4a4c4a8915d02f05df9be, type: 3}
      propertyPath: m_Layer
      value: 10
      objectReference: {fileID: 0}
    - target: {fileID: 100110, guid: 71521e2b38f4a4c4a8915d02f05df9be, type: 3}
      propertyPath: m_Layer
      value: 10
      objectReference: {fileID: 0}
    - target: {fileID: 100112, guid: 71521e2b38f4a4c4a8915d02f05df9be, type: 3}
      propertyPath: m_Layer
      value: 10
      objectReference: {fileID: 0}
    - target: {fileID: 100114, guid: 71521e2b38f4a4c4a8915d02f05df9be, type: 3}
      propertyPath: m_Layer
      value: 10
      objectReference: {fileID: 0}
    - target: {fileID: 100116, guid: 71521e2b38f4a4c4a8915d02f05df9be, type: 3}
      propertyPath: m_Layer
      value: 10
      objectReference: {fileID: 0}
    - target: {fileID: 100118, guid: 71521e2b38f4a4c4a8915d02f05df9be, type: 3}
      propertyPath: m_Layer
      value: 10
      objectReference: {fileID: 0}
    - target: {fileID: 100120, guid: 71521e2b38f4a4c4a8915d02f05df9be, type: 3}
      propertyPath: m_Layer
      value: 10
      objectReference: {fileID: 0}
    - target: {fileID: 100122, guid: 71521e2b38f4a4c4a8915d02f05df9be, type: 3}
      propertyPath: m_Layer
      value: 10
      objectReference: {fileID: 0}
    - target: {fileID: 100124, guid: 71521e2b38f4a4c4a8915d02f05df9be, type: 3}
      propertyPath: m_Layer
      value: 10
      objectReference: {fileID: 0}
    - target: {fileID: 100126, guid: 71521e2b38f4a4c4a8915d02f05df9be, type: 3}
      propertyPath: m_Layer
      value: 10
      objectReference: {fileID: 0}
    - target: {fileID: 100128, guid: 71521e2b38f4a4c4a8915d02f05df9be, type: 3}
      propertyPath: m_Layer
      value: 10
      objectReference: {fileID: 0}
    - target: {fileID: 100130, guid: 71521e2b38f4a4c4a8915d02f05df9be, type: 3}
      propertyPath: m_Layer
      value: 10
      objectReference: {fileID: 0}
    - target: {fileID: 100132, guid: 71521e2b38f4a4c4a8915d02f05df9be, type: 3}
      propertyPath: m_Layer
      value: 10
      objectReference: {fileID: 0}
    - target: {fileID: 400002, guid: 71521e2b38f4a4c4a8915d02f05df9be, type: 3}
      propertyPath: m_LocalPosition.x
      value: 0.0030822754
      objectReference: {fileID: 0}
    - target: {fileID: 400002, guid: 71521e2b38f4a4c4a8915d02f05df9be, type: 3}
      propertyPath: m_LocalPosition.y
      value: -0.96000004
      objectReference: {fileID: 0}
    - target: {fileID: 400002, guid: 71521e2b38f4a4c4a8915d02f05df9be, type: 3}
      propertyPath: m_LocalPosition.z
      value: 0.06166935
      objectReference: {fileID: 0}
    - target: {fileID: 400002, guid: 71521e2b38f4a4c4a8915d02f05df9be, type: 3}
      propertyPath: m_LocalRotation.x
      value: -0
      objectReference: {fileID: 0}
    - target: {fileID: 400002, guid: 71521e2b38f4a4c4a8915d02f05df9be, type: 3}
      propertyPath: m_LocalRotation.y
      value: -0
      objectReference: {fileID: 0}
    - target: {fileID: 400002, guid: 71521e2b38f4a4c4a8915d02f05df9be, type: 3}
      propertyPath: m_LocalRotation.z
      value: -0
      objectReference: {fileID: 0}
    - target: {fileID: 400002, guid: 71521e2b38f4a4c4a8915d02f05df9be, type: 3}
      propertyPath: m_LocalRotation.w
      value: 1
      objectReference: {fileID: 0}
    - target: {fileID: 400002, guid: 71521e2b38f4a4c4a8915d02f05df9be, type: 3}
      propertyPath: m_RootOrder
      value: 0
      objectReference: {fileID: 0}
    - target: {fileID: 400010, guid: 71521e2b38f4a4c4a8915d02f05df9be, type: 3}
      propertyPath: m_LocalRotation.x
      value: 0.32369196
      objectReference: {fileID: 0}
    - target: {fileID: 400010, guid: 71521e2b38f4a4c4a8915d02f05df9be, type: 3}
      propertyPath: m_LocalRotation.y
      value: 0.22471297
      objectReference: {fileID: 0}
    - target: {fileID: 400010, guid: 71521e2b38f4a4c4a8915d02f05df9be, type: 3}
      propertyPath: m_LocalRotation.z
      value: -0.26095507
      objectReference: {fileID: 0}
    - target: {fileID: 400010, guid: 71521e2b38f4a4c4a8915d02f05df9be, type: 3}
      propertyPath: m_LocalRotation.w
      value: 0.88126624
      objectReference: {fileID: 0}
    - target: {fileID: 400010, guid: 71521e2b38f4a4c4a8915d02f05df9be, type: 3}
      propertyPath: m_LocalPosition.x
      value: -0.046
      objectReference: {fileID: 0}
    - target: {fileID: 400010, guid: 71521e2b38f4a4c4a8915d02f05df9be, type: 3}
      propertyPath: m_LocalPosition.y
      value: 0.07
      objectReference: {fileID: 0}
    - target: {fileID: 400010, guid: 71521e2b38f4a4c4a8915d02f05df9be, type: 3}
      propertyPath: m_LocalPosition.z
      value: -0.009
      objectReference: {fileID: 0}
    - target: {fileID: 400016, guid: 71521e2b38f4a4c4a8915d02f05df9be, type: 3}
      propertyPath: m_LocalRotation.x
      value: -0.092398286
      objectReference: {fileID: 0}
    - target: {fileID: 400016, guid: 71521e2b38f4a4c4a8915d02f05df9be, type: 3}
      propertyPath: m_LocalRotation.y
      value: 0.83466375
      objectReference: {fileID: 0}
    - target: {fileID: 400016, guid: 71521e2b38f4a4c4a8915d02f05df9be, type: 3}
      propertyPath: m_LocalRotation.z
      value: 0.2555796
      objectReference: {fileID: 0}
    - target: {fileID: 400016, guid: 71521e2b38f4a4c4a8915d02f05df9be, type: 3}
      propertyPath: m_LocalRotation.w
      value: 0.47903875
      objectReference: {fileID: 0}
    - target: {fileID: 400016, guid: 71521e2b38f4a4c4a8915d02f05df9be, type: 3}
      propertyPath: m_LocalPosition.x
      value: 0.004
      objectReference: {fileID: 0}
    - target: {fileID: 400016, guid: 71521e2b38f4a4c4a8915d02f05df9be, type: 3}
      propertyPath: m_LocalPosition.y
      value: 0.226
      objectReference: {fileID: 0}
    - target: {fileID: 400016, guid: 71521e2b38f4a4c4a8915d02f05df9be, type: 3}
      propertyPath: m_LocalPosition.z
      value: -0.003
      objectReference: {fileID: 0}
    - target: {fileID: 400018, guid: 71521e2b38f4a4c4a8915d02f05df9be, type: 3}
      propertyPath: m_LocalRotation.x
      value: 0.30144277
      objectReference: {fileID: 0}
    - target: {fileID: 400018, guid: 71521e2b38f4a4c4a8915d02f05df9be, type: 3}
      propertyPath: m_LocalRotation.y
      value: -0.0010249959
      objectReference: {fileID: 0}
    - target: {fileID: 400018, guid: 71521e2b38f4a4c4a8915d02f05df9be, type: 3}
      propertyPath: m_LocalRotation.z
      value: -0.0111746285
      objectReference: {fileID: 0}
    - target: {fileID: 400018, guid: 71521e2b38f4a4c4a8915d02f05df9be, type: 3}
      propertyPath: m_LocalRotation.w
      value: 0.95341825
      objectReference: {fileID: 0}
    - target: {fileID: 400018, guid: 71521e2b38f4a4c4a8915d02f05df9be, type: 3}
      propertyPath: m_LocalPosition.x
      value: 0.0358
      objectReference: {fileID: 0}
    - target: {fileID: 400018, guid: 71521e2b38f4a4c4a8915d02f05df9be, type: 3}
      propertyPath: m_LocalPosition.y
      value: 0.1016
      objectReference: {fileID: 0}
    - target: {fileID: 400018, guid: 71521e2b38f4a4c4a8915d02f05df9be, type: 3}
      propertyPath: m_LocalPosition.z
      value: -0.003
      objectReference: {fileID: 0}
    - target: {fileID: 400070, guid: 71521e2b38f4a4c4a8915d02f05df9be, type: 3}
      propertyPath: m_LocalRotation.x
      value: 0.39607057
      objectReference: {fileID: 0}
    - target: {fileID: 400070, guid: 71521e2b38f4a4c4a8915d02f05df9be, type: 3}
      propertyPath: m_LocalRotation.y
      value: 0.22219676
      objectReference: {fileID: 0}
    - target: {fileID: 400070, guid: 71521e2b38f4a4c4a8915d02f05df9be, type: 3}
      propertyPath: m_LocalRotation.z
      value: 0.5071275
      objectReference: {fileID: 0}
    - target: {fileID: 400070, guid: 71521e2b38f4a4c4a8915d02f05df9be, type: 3}
      propertyPath: m_LocalRotation.w
      value: 0.7325151
      objectReference: {fileID: 0}
    - target: {fileID: 400070, guid: 71521e2b38f4a4c4a8915d02f05df9be, type: 3}
      propertyPath: m_LocalPosition.x
      value: 0.035
      objectReference: {fileID: 0}
    - target: {fileID: 400070, guid: 71521e2b38f4a4c4a8915d02f05df9be, type: 3}
      propertyPath: m_LocalPosition.y
      value: 0.149
      objectReference: {fileID: 0}
    - target: {fileID: 400070, guid: 71521e2b38f4a4c4a8915d02f05df9be, type: 3}
      propertyPath: m_LocalPosition.z
      value: 0.028
      objectReference: {fileID: 0}
    - target: {fileID: 400076, guid: 71521e2b38f4a4c4a8915d02f05df9be, type: 3}
      propertyPath: m_LocalRotation.x
      value: -0.13190243
      objectReference: {fileID: 0}
    - target: {fileID: 400076, guid: 71521e2b38f4a4c4a8915d02f05df9be, type: 3}
      propertyPath: m_LocalRotation.y
      value: -0.39047772
      objectReference: {fileID: 0}
    - target: {fileID: 400076, guid: 71521e2b38f4a4c4a8915d02f05df9be, type: 3}
      propertyPath: m_LocalRotation.z
      value: -0.27100578
      objectReference: {fileID: 0}
    - target: {fileID: 400076, guid: 71521e2b38f4a4c4a8915d02f05df9be, type: 3}
      propertyPath: m_LocalRotation.w
      value: 0.8698763
      objectReference: {fileID: 0}
    - target: {fileID: 400076, guid: 71521e2b38f4a4c4a8915d02f05df9be, type: 3}
      propertyPath: m_LocalPosition.x
      value: -0.012
      objectReference: {fileID: 0}
    - target: {fileID: 400076, guid: 71521e2b38f4a4c4a8915d02f05df9be, type: 3}
      propertyPath: m_LocalPosition.y
      value: 0.244
      objectReference: {fileID: 0}
    - target: {fileID: 400076, guid: 71521e2b38f4a4c4a8915d02f05df9be, type: 3}
      propertyPath: m_LocalPosition.z
      value: 0.013
      objectReference: {fileID: 0}
    - target: {fileID: 400078, guid: 71521e2b38f4a4c4a8915d02f05df9be, type: 3}
      propertyPath: m_LocalRotation.x
      value: 0.09058232
      objectReference: {fileID: 0}
    - target: {fileID: 400078, guid: 71521e2b38f4a4c4a8915d02f05df9be, type: 3}
      propertyPath: m_LocalRotation.y
      value: -0.0023950196
      objectReference: {fileID: 0}
    - target: {fileID: 400078, guid: 71521e2b38f4a4c4a8915d02f05df9be, type: 3}
      propertyPath: m_LocalRotation.z
      value: 0.06309753
      objectReference: {fileID: 0}
    - target: {fileID: 400078, guid: 71521e2b38f4a4c4a8915d02f05df9be, type: 3}
      propertyPath: m_LocalRotation.w
      value: 0.9938852
      objectReference: {fileID: 0}
    - target: {fileID: 400078, guid: 71521e2b38f4a4c4a8915d02f05df9be, type: 3}
      propertyPath: m_LocalPosition.x
      value: -0.0347
      objectReference: {fileID: 0}
    - target: {fileID: 400078, guid: 71521e2b38f4a4c4a8915d02f05df9be, type: 3}
      propertyPath: m_LocalPosition.y
      value: 0.1032
      objectReference: {fileID: 0}
    - target: {fileID: 400078, guid: 71521e2b38f4a4c4a8915d02f05df9be, type: 3}
      propertyPath: m_LocalPosition.z
      value: 0.001
      objectReference: {fileID: 0}
    - target: {fileID: 9500000, guid: 71521e2b38f4a4c4a8915d02f05df9be, type: 3}
      propertyPath: m_Controller
      value: 
      objectReference: {fileID: 9100000, guid: fa09cc8c36e512c439454a2e48d25cfe, type: 2}
    m_RemovedComponents: []
  m_SourcePrefab: {fileID: 100100000, guid: 71521e2b38f4a4c4a8915d02f05df9be, type: 3}
--- !u!4 &1483477572188381720 stripped
Transform:
  m_CorrespondingSourceObject: {fileID: 400076, guid: 71521e2b38f4a4c4a8915d02f05df9be,
    type: 3}
  m_PrefabInstance: {fileID: 1483477572188256468}
  m_PrefabAsset: {fileID: 0}
--- !u!4 &1483477572188382166 stripped
Transform:
  m_CorrespondingSourceObject: {fileID: 400130, guid: 71521e2b38f4a4c4a8915d02f05df9be,
    type: 3}
  m_PrefabInstance: {fileID: 1483477572188256468}
  m_PrefabAsset: {fileID: 0}
--- !u!1 &1483477572188356214 stripped
GameObject:
  m_CorrespondingSourceObject: {fileID: 100002, guid: 71521e2b38f4a4c4a8915d02f05df9be,
    type: 3}
  m_PrefabInstance: {fileID: 1483477572188256468}
  m_PrefabAsset: {fileID: 0}
